3068 views
Uploaded 2020-03-06 17:09:51
Game version 1.32.2
15:11 long 1on1 ladder game on (3)NomadIsles
Saved by Shackler
3068 views
Uploaded 2020-03-06 17:09:51
Game version 1.32.2
15:11 long 1on1 ladder game on (3)NomadIsles

38 units @ 5.2k
/ 0.4k
17 buildings @ 2k
/ 0.7k

| Lesser Clarity Potion | 3 | 210 |
| Scroll of Regeneration | 1 | 100 |
| total: | 4 | 310g |
| Peasant | 11 | 825 | / | 0 |
| Footman | 10 | 1350 | / | 0 |
| Rifleman | 10 | 2050 | / | 300 |
| Priest | 3 | 405 | / | 30 |
| Sorceress | 4 | 620 | / | 80 |
| total: | 38 | 5250g | / | 410w |
| Scout Tower | 1 | 30 | / | 20 |
| Arcane Tower | 1 | 70 | / | 50 |
| Altar of Kings | 1 | 180 | / | 50 |
| Barracks | 1 | 160 | / | 60 |
| Farm | 9 | 720 | / | 180 |
| Blacksmith | 1 | 140 | / | 60 |
| Arcane Vault | 1 | 130 | / | 30 |
| Lumber Mill | 1 | 120 | / | 0 |
| Town Hall | 1 | 385 | / | 205 |
| Arcane Sanctum | 1 | 150 | / | 140 |
| Keep | 1 | 320 | / | 210 |
| Castle | 1 | 360 | / | 210 |
| total: | 17 | 2015g | / | 745w |
| 0:02 | Peasant |
| 0:02 | Peasant |
| 0:07 | Altar of Kings |
| 0:13 | Barracks |
| 0:20 | Farm |
| 0:25 | Peasant |
| 0:35 | Peasant |
| 0:46 | Farm |
| 1:05 | Peasant |
| 1:14 | Footman |
| 1:28 | Scout Tower |
| 1:35 | Footman |
| 1:47 | Farm |
| 1:52 | Footman |
| 1:57 | Peasant |
| 2:01 | Arcane Tower |
| 2:08 | Thunder Clap |
| 2:21 | Footman |
| 2:38 | Blacksmith |
| 2:43 | Footman |
| 2:50 | Farm |
| 3:05 | Footman |
| 3:49 | Footman |
| 3:54 | Keep |
| 4:14 | Storm Bolt |
| 4:55 | Rifleman |
| 4:55 | Rifleman |
| 5:01 | Arcane Vault |
| 5:31 | Lumber Mill |
| 5:37 | Farm |
| 5:45 | Footman |
| 5:48 | Lesser Clarity Potion |
| 6:23 | Farm |
| 6:24 | Rifleman |
| 6:26 | Rifleman |
| 6:47 | Bash |
| 7:04 | Farm |
| 7:07 | Improved Lumber Harvesting |
| 7:11 | Arcane Sanctum |
| 7:12 | Scroll of Regeneration |
| 7:15 | Lesser Clarity Potion |
| 7:49 | Lesser Clarity Potion |
| 7:58 | Rifleman |
| 8:04 | Black Gunpowder |
| 8:09 | Rifleman |
| 8:26 | Footman |
| 8:28 | Footman |
| 8:35 | Priest |
| 9:03 | Town Hall |
| 9:18 | Sorceress |
| 9:18 | Sorceress |
| 10:15 | Peasant |
| 10:15 | Peasant |
| 10:15 | Peasant |
| 10:34 | Priest |
| 10:36 | Sorceress |
| 10:38 | Rifleman |
| 10:43 | Thunder Clap |
| 11:18 | Castle |
| 11:23 | Peasant |
| 11:23 | Peasant |
| 11:34 | Farm |
| 11:51 | Priest Adept Training |
| 11:52 | Sorceress Adept Training |
| 12:13 | Farm |
| 12:24 | Rifleman |
| 12:24 | Rifleman |
| 12:42 | Refined Gunpowder |
| 13:07 | Priest |
| 13:08 | Sorceress |
| 13:10 | Rifleman |
| 13:46 | Storm Bolt |
| Right click | 635 |
| Select | 243 |
| Build/train/purchase | 73 |
| Use ability | 56 |
| Select group | 48 |
| Assign group | 30 |
| Remove unit | 1 |
32 units @ 4.3k
/ 0.6k
12 buildings @ 2.1k
/ 0.8k

| Scroll of Town Portal | 1 | 350 |
| Potion of Lesser Invulnerability | 1 | 150 |
| total: | 2 | 500g |
| Wisp | 13 | 780 | / | 0 |
| Archer | 7 | 910 | / | 70 |
| Druid of the Claw | 4 | 1020 | / | 320 |
| Dryad | 2 | 290 | / | 120 |
| Forest Troll Shadow Priest | 2 | 390 | / | 20 |
| Forest Troll Berserker | 2 | 490 | / | 60 |
| Mud Golem | 1 | 145 | / | 10 |
| Ogre Mauler | 1 | 300 | / | 0 |
| total: | 32 | 4325g | / | 600w |
| Altar of Elders | 1 | 180 | / | 50 |
| Moon Well | 6 | 1080 | / | 240 |
| Ancient of War | 2 | 300 | / | 120 |
| Hunter's Hall | 1 | 210 | / | 100 |
| Ancient of Lore | 2 | 310 | / | 290 |
| Tree of Ages | 1 | 320 | / | 180 |
| Tree of Eternity | 1 | 330 | / | 200 |
| total: | 12 | 2080g | / | 800w |
| 0:02 | Wisp |
| 0:04 | Altar of Elders |
| 0:12 | Wisp |
| 0:17 | Moon Well |
| 0:25 | Wisp |
| 0:39 | Ancient of War |
| 0:57 | Wisp |
| 0:58 | Wisp |
| 1:17 | Wisp |
| 1:28 | Wisp |
| 1:32 | Moon Well |
| 1:33 | Moon Well |
| 1:42 | Archer |
| 1:55 | Wisp |
| 1:56 | Wisp |
| 2:22 | Fan of Knives |
| 2:44 | Forest Troll Shadow Priest |
| 2:53 | Ancient of War |
| 3:02 | Wisp |
| 3:05 | Hunter's Hall |
| 3:48 | Shadow Strike |
| 3:55 | Archer |
| 4:01 | Forest Troll Berserker |
| 4:14 | Archer |
| 4:57 | Archer |
| 5:00 | Tree of Ages |
| 5:25 | Moon Well |
| 5:48 | Archer |
| 6:21 | Archer |
| 6:24 | Moon Well |
| 6:26 | Fan of Knives |
| 6:47 | Ultravision |
| 7:48 | Ancient of Lore |
| 7:49 | Wisp |
| 7:49 | Wisp |
| 7:50 | Wisp |
| 7:52 | Ancient of Lore |
| 7:57 | Archer |
| 7:59 | Mud Golem |
| 8:00 | Ogre Mauler |
| 8:11 | Forest Troll Shadow Priest |
| 9:00 | Shadow Strike |
| 9:02 | Tree of Eternity |
| 9:04 | Abolish Magic |
| 9:05 | Druid of the Claw |
| 9:06 | Druid of the Claw Adept Training |
| 9:39 | Dryad |
| 10:03 | Forest Troll Berserker |
| 10:21 | Druid of the Claw |
| 10:25 | Moon Well |
| 11:25 | Druid of the Claw Master Training |
| 11:27 | Druid of the Claw |
| 11:59 | Fan of Knives |
| 12:03 | Druid of the Claw |
| 12:13 | Scroll of Town Portal |
| 12:16 | Potion of Lesser Invulnerability |
| 12:33 | Strength of the Wild |
| 13:01 | Mark of the Claw |
| 13:14 | Dryad |
| 14:17 | Spirit of Vengeance |
| Right click | 945 |
| Select | 381 |
| Select group | 207 |
| Build/train/purchase | 67 |
| Assign group | 54 |
| Use ability | 25 |